 Dungeon Crawl Stone Soup version 0.22.0-49-gab54619674 (webtiles) character file.

412 Drachen the Insei (level 6, -4/42 HPs)
             Began as an Octopode Transmuter on Sept 2, 2018.
             Was an Initiate of Wu Jian.
             Slain by Menkaure (8 damage)
             ... on level 4 of the Dungeon.
             The game lasted 00:14:34 (3624 turns).

Drachen the Insei (Octopode Transmuter)             Turns: 3624, Time: 00:14:34

Health: -4/42      AC:  5    Str:  9    XL:     6   Next: 90%
Magic:  4/9        EV: 15    Int: 16    God:    Wu Jian [......]
Gold:   169        SH:  0    Dex: 14    Spells: 3/9 levels left

rFire    + . .     SeeInvis .     - Unarmed
rCold    x . .     Gourm    .   (no shield)
rNeg     . . .     Faith    .   (helmet restricted)
rPois    .         Spirit   .   (no amulet)
rElec    .         Reflect  .   d - ring of fire
rCorr    +         Harm     .   g - +2 ring of protection
MR       .....                  o - ring of resist corrosion
Stlth    ++++......             n - +2 ring of protection
HPRegen  0.14/turn              (no ring)
MPRegen  0.11/turn              (no ring)
                                (no ring)
                                (no ring)

@: about to teleport, flying
A: almost no armour, stealthy swim, amphibious, 8 rings, constrict 8, camouflage
1, gelatinous body 1
a: Renounce Religion


You were on level 4 of the Dungeon.
You worshipped Wu Jian.
Wu Jian was noncommittal.
You were not hungry.

You visited 2 branches of the dungeon, and saw 5 of its levels.

You collected 169 gold pieces.

Inventory:

Hand Weapons
 q - a +0 dagger
Missiles
 a - 26 arrows (quivered)
Jewellery
 d - a ring of fire (left tentacle)
 g - a +2 ring of protection (right tentacle)
 n - a +2 ring of protection (on tentacle)
 o - a ring of resist corrosion (on tentacle)
Scrolls
 b - 6 scrolls of identify
 e - a scroll of amnesia {unknown}
 f - 2 scrolls of random uselessness
 h - 3 scrolls of remove curse
 j - 3 scrolls of enchant weapon
 k - a scroll of magic mapping {unknown}
 m - a scroll of fear {unknown}
Potions
 l - a potion of cancellation
Comestibles
 c - 4 rations
 r - 2 chunks of flesh


   Skills:
 + Level 3.5 Fighting
 + Level 4.0 Dodging
 - Level 4.0 Stealth
 + Level 4.6 Unarmed Combat
 - Level 2.0 Spellcasting
 - Level 2.0 Transmutations


You had 3 spell levels left.
You knew the following spells:

 Your Spells              Type           Power        Failure   Level  Hunger
a - Beastly Appendage     Tmut           #.....       9%          1    #......
b - Spider Form           Tmut/Pois      #.........   38%         3    ###....
c - Sticks to Snakes      Tmut           #.......     14%         2    ###....

Your spell library contained the following spells:

 Spells                   Type           Power        Failure   Level  Hunger
 Ice Form                 Ice/Tmut       #.......     80%         4    #####..
 Blade Hands              Tmut           #.........   94%         5    ######.


Dungeon Overview and Level Annotations

Branches:
Dungeon (4/15)             Temple (1/1) D:4

Altars:
Cheibriados
Dithmenos
Fedhas
Gozag
Hepliaklqana
Kikubaaqudgha
Makhleb
Nemelex Xobeh
Trog
Uskayaw
Vehumet
Wu Jian
Xom
Yredelemnul
Zin
The Shining One

Annotations:
D:4 Menkaure


Innate Abilities, Weirdness & Mutations

You cannot wear most types of armour.
You are very stealthy in the water. (Stealth+)
You are amphibious.
You can wear up to eight rings at the same time.
You can use your tentacles to constrict eight enemies at once.
Your skin changes colour to match your surroundings (Stealth+).
Your rubbery body absorbs attacks. (AC +1, EV +1)


Message History

Your body is wracked with pain!
Your adder barely misses Menkaure.
You swap places.
Something barely misses your adder.
Okay, then.
What are your orders? t - Shout!
Orders for allies: a - Attack new target. r - Retreat! s - Stop attacking. g - Guard the area. f - Follow me.
Anything else - Cancel.
Guard this area!
Menkaure casts a spell.
Menkaure seems to speed up.
Something hits your adder!!
Your adder dies!
m - a scroll labeled QOMASISKUL
As you read the scroll of teleportation, it crumbles to dust.
You feel strangely unstable. Menkaure hits you!!
* * * LOW HITPOINT WARNING * * *
Menkaure hits you!
You die...

#### ..####### ##
#%......# #..
#.###.#.# M...
#..M.#@.# .....
#.##.M#.#
......##M##..#.#####
......>.?##.†......#
...................#
....#######.##.##.)#
... #.##.)...# .
..####.).#######
...........#....#####


You could see Menkaure.

Vanquished Creatures
  A scorpion (D:4)
  An orc priest (D:4)
  An orc wizard (D:3)
  A hound skeleton (D:4)
  6 adders
  2 oozes
  A worm (D:2)
  2 dart slugs
  4 leopard geckos
  9 orcs
  A ball python (D:1)
  7 bats
  4 giant cockroaches
  8 goblins
  6 hobgoblins
  5 jackals (D:2)
  5 kobolds
  A quokka (D:3)
  6 frilled lizards
  7 rats
78 creatures vanquished.

Vanquished Creatures (collateral kills)
  Grinder (D:3)
1 creature vanquished.

Grand Total: 79 creatures vanquished

Notes
Turn   | Place    | Note
-------+----------+-------------------------------------------
     0 | D:1      | Drachen the Octopode Transmuter began the quest for the
                  | Orb.
     0 | D:1      | Reached XP level 1. HP: 13/13 MP: 3/3
   197 | D:1      | Reached XP level 2. HP: 15/18 MP: 5/5
   199 | D:1      | Reached skill level 1 in Stealth
   459 | D:1      | Reached XP level 3. HP: 23/23 MP: 6/6
   924 | D:1      | Learned a level 3 spell: Spider Form
   927 | D:1      | Learned a level 2 spell: Sticks to Snakes
  1086 | D:2      | Reached XP level 4. HP: 26/29 MP: 7/7
  1198 | D:2      | Found a shadowy altar of Dithmenos.
  1321 | D:2      | Found a faded altar of an unknown god.
  1753 | D:3      | Noticed Grinder
  1764 | D:3      | Paralysed by Grinder for 6 turns
  2099 | D:3      | Paralysed by Grinder for 2 turns
  2104 | D:3      | Killed Grinder
  2104 | D:3      | Reached XP level 5. HP: 12/36 MP: 3/8
  2104 | D:3      | Reached XP level 6. HP: 13/41 MP: 3/9
  2897 | D:3      | Found a hazy altar of Hepliaklqana.
  3040 | D:4      | Noticed Menkaure
  3381 | D:4      | Found an ancient bone altar of Kikubaaqudgha.
  3478 | D:4      | Found a staircase to the Ecumenical Temple.
  3489 | Temple   | Entered the Ecumenical Temple
  3562 | Temple   | Became a worshipper of the Wu Jian Council
  3624 | D:4      | Slain by Menkaure

Skill      XL: |  1  2  3  4  5  6 |
---------------+-------------------+-----
Stealth        | 1 2 3 4 |  4.0
Fighting       | 2 3 |  3.5
Dodging        | 3 4 |  4.0
Unarmed Combat | 4 |  4.6
Spellcasting   | |  2.0
Transmutations | |  2.0

Action                   |  1- 3 |  4- 6 || total
-------------------------+-------+-------++-------
Melee: Unarmed           |    86 |   103 ||   189
       Constrict         |    24 |    24 ||    48
       Tentacles         |    15 |    24 ||    39
       Punch             |     1 |     3 ||     4
       Dagger            |       |     7 ||     7
 Cast: Sticks to Snakes  |       |    11 ||    11
Invok: Lunge             |       |     4 ||     4
  Use: Scroll            |       |     5 ||     5
       Potion            |       |     5 ||     5
 Stab: Sleeping          |     9 |    12 ||    21
       Distracted        |       |     1 ||     1
  Eat: Chunk             |       |     6 ||     6
       Ration            |       |     1 ||     1
Armor: Skin              |     7 |     8 ||    15
Dodge: Dodged            |    51 |    50 ||   101
